 Dungeon Crawl Stone Soup version 0.32-a0-411-g744942f433 (webtiles) character file.

Game seed: 10652955850099756301

184 shadowstone the Ruffian (level 5, -2/33 HPs)
             Began as an Octopode Shapeshifter on Feb 20, 2024.
             Slain by a goblin
             ... wielding a +0 club
              (5 damage)
             ... on level 3 of the Dungeon.
             The game lasted 00:06:23 (2309 turns).

shadowstone the Ruffian (Octopode Shapeshifter)     Turns: 2309, Time: 00:06:24

Health: -2/33      AC:  1    Str: 19    XL:     5   Next: 63%
Magic:  5/5        EV: 13    Int: 12    God:
Gold:   25         SH:  0    Dex: 11    Spells: 4/4 levels left

rFire   . . .        i - +8 mace of the Distant Future {heavy, rN+ rCorr Str+3 SInv}
rCold   . . .        (no shield)
rNeg    + . .        (helmet currently unavailable)
rPois   .            (no amulet)
rElec   .            n - ring of willpower
rCorr   +            (no ring)
SInv    +            (no ring)
Will    +....        (no ring)
Stlth   +++          (no ring)
HPRegen 0.25/turn    (no ring)
MPRegen 0.09/turn    (no ring)
                     (no ring)

%: no passive effects
@: beast-form
A: beast (slay +2), almost no armour, amphibious, 8 rings, camouflage 1,
gelatinous body 1, (nimble swimmer 1), tentacles
a: Begin Untransformation


You were on level 3 of the Dungeon.
You were a hulking beast.
You visited 1 branch of the dungeon, and saw 3 of its levels.

You collected 25 gold pieces.

Inventory:

Hand Weapons
 i - the +8 mace of the Distant Future (weapon) {heavy, rN+ rCorr Str+3 SInv}
   (You found it on level 2 of the Dungeon)

   Str+3:     It affects your strength (+3).
   rN+:       It protects you from negative energy.
   SInv:      It lets you see invisible.
   rCorr:     It protects you from acid and corrosion.
Missiles
 e - 4 poisoned darts (quivered)
Jewellery
 n - a ring of willpower (left tentacle)
Talismans
 b - a beast talisman (active)
 c - a flux talisman
Scrolls
 d - 3 scrolls of teleportation
 g - 2 scrolls of identify
 k - a scroll of vulnerability
 m - a scroll of blinking
Potions
 a - 2 potions of lignification
 f - 2 potions of heal wounds {unknown}
 h - a potion of brilliance {unknown}
 l - a potion of resistance {unknown}


   Skills:
 + Level 1.3 Fighting
 + Level 1.2 Maces & Flails
 + Level 1.0 Throwing
 + Level 2.6 Dodging
 + Level 1.4 Stealth
 + Level 4.3 Unarmed Combat
 + Level 4.0 Shapeshifting


You had 4 spell levels left.
You didn't know any spells.
Your spell library contained the following spells:

 Spells                   Type           Power      Damage    Failure   Level
 Summon Ice Beast         Ice/Summ       0%         N/A       69%         3
 Summon Mana Viper        Hex/Summ       0%         N/A       100%        5
 Monstrous Menagerie      Summ           0%         N/A       100%        7


Dungeon Overview and Level Annotations

Branches:
Dungeon (3/15)

Altars:

Shops:
D:1 *


Innate Abilities, Weirdness & Mutations

You are a hulking beast.
Your limbs bulge with bestial killing power. (Slay +2)
You cannot wear most types of armour.
You are amphibious.
You can wear up to eight rings at the same time.
Your skin changes colour to match your surroundings (Stealth+).
Your rubbery body absorbs attacks. (AC +1, EV +1)
((You are camouflaged when in or above water. (Stealth+)))
You have tentacles for arms and can constrict up to eight enemies at once.


Message History

You see here a bat corpse.
Found a hand axe.
Found 8 gold pieces. 2 goblins come into view.
Found a book of the Warp.
The goblin shouts!
You hear a shout!
A goblin comes into view.
It is wielding a +0 club. 2 goblins come into view.
A goblin comes into view. It is wielding a +0 club.
A hobgoblin comes into view.
The goblin moves out of view.
The goblin shouts!
The hobgoblin shouts!
Found 5 gold pieces and 7 stones.
The goblin shouts!
The goblin misses you.
You see here 8 gold pieces.
You closely miss the goblin. Your grab misses the goblin.
The goblin barely misses you. The goblin hits you with a +0 club. x2
The goblin barely misses you. The goblin hits you with a +0 dagger.
The goblin closely misses you. The goblin hits you with a +0 club.
The hobgoblin barely misses you.
Unknown command.
You closely miss the goblin. You grab the goblin.
You constrict the goblin, but do no damage.
The goblin misses you. The goblin closely misses you.
The goblin hits you with a +0 dagger. The goblin closely misses you.
The hobgoblin hits you. The hobgoblin barely misses you.
The goblin hits you with a +0 club. x2
* * * LOW HITPOINT WARNING * * *
The goblin misses you. The goblin completely misses you.
You sock the goblin!
You kill the goblin!
The hobgoblin closely misses you. The goblin hits you with a +0 club.
* * * LOW HITPOINT WARNING * * *
The goblin hits you with a +0 club.
* * * LOW HITPOINT WARNING * * *
The goblin hits you with a +0 club.
* * * LOW HITPOINT WARNING * * *
The goblin closely misses you. The goblin hits you with a +0 club.
You die...

***,** #.# *,**, ***,,,******
##.######[**, * *,,,,,,,,,,*
#.........,,, * *,*,,,****,*
#.>.......,,, *
*,***##*#########...#####.*,,
*
*,*,*.ß.#.#.ß..##.......).,,,
*
*,*,*...:......##.#.#####.*,*
* *,*,*(.....ggg.##.#.# *,*,*
* *,*,*......gh.....#.# *,,,*
* *,*,*$.....gg..####.# **,,*
* *,*,*.........^# *.# *,,* *
*,*,*.ß.#.#.ß..# *.# *,,* *
*,*,*##*######## **,** *,,* *
*,,,,* *,,,,,*****,,,*****,,,
*
****,***,***,,,,,,,*,,,,,,,**
********,,,,,*
*******,,,*******
,,,,,,,,,,,*** **,**


You could see a hobgoblin and 5 goblins.

Vanquished Creatures
  A scorpion (D:3)
  Terence (D:3)
  2 adders (D:2)
  3 dart slugs
  6 ball pythons
  2 goblins
  7 hobgoblins
  6 jackals
  A quokka (D:1)
  5 bats
  4 frilled lizards (D:1)
  4 kobolds
  5 rats
47 creatures vanquished.

Notes
Turn   | Place    | Note
-------+----------+-------------------------------------------
     0 | D:1      | shadowstone the Octopode Shapeshifter began the quest for
                  | the Orb.
     0 | D:1      | Reached XP level 1. HP: 13/13 MP: 1/1
    60 | D:1      | Reached XP level 2. HP: 13/18 MP: 2/2
   251 | D:1      | Reached XP level 3. HP: 23/23 MP: 3/3
   399 | D:1      | Found Viwauss's General Store.
  1025 | D:2      | Identified the +8 mace of the Distant Future {heavy, rN+
                  | rCorr Str+3 SInv}
  1084 | D:2      | Reached XP level 4. HP: 26/28 MP: 4/4
  2008 | D:3      | Noticed a scorpion
  2018 | D:3      | Killed a scorpion
  2019 | D:3      | Reached skill level 1 in Maces & Flails
  2019 | D:3      | Reached skill level 1 in Stealth
  2019 | D:3      | Reached XP level 5. HP: 14/33 MP: 5/5
  2256 | D:3      | Noticed Terence
  2263 | D:3      | Killed Terence
  2264 | D:3      | Reached skill level 1 in Throwing
  2309 | D:3      | Slain by a goblin

Illustrated notes

Levels and vault maps discovered:
D:1:      minmay_arrival_stair_chambers, layout_rooms, serial_shops, shop
D:2:      layout_basic
D:3:      kennysheep_the_goblin_king, layout_loops_ring,
          nicolae_ru_awakened_eye, uniq_terence, uniq_robin, uniq_ijyb

Skill      XL: |  1  2  3  4  5 |
---------------+----------------+-----
Unarmed Combat | 4 |  4.3
Maces & Flails | 1 |  1.2
Stealth        | 1 |  1.4
Throwing       | 1 |  1.0
Shapeshifting  | 4 |  4.0
Fighting       | |  1.3
Dodging        | |  2.6

Action                     |  1- 3 |  4- 6 || total
---------------------------+-------+-------++-------
  Melee: Unarmed           |    47 |       ||    47
         Punch             |     3 |       ||     3
         Constrict         |    16 |     3 ||    19
         Tentacles         |     8 |     4 ||    12
         Mace              |     2 |    29 ||    31
  Throw: Dart              |     3 |       ||     3
    Use: Scroll            |       |     5 ||     5
   Stab: Sleeping          |     1 |       ||     1
 Armour: Skin              |    19 |    35 ||    54
  Dodge: Dodged            |    35 |    45 ||    80

Table legend: (Time is in decaauts)
 A = Elapsed time spent in this place.
 B = Non-inter-level travel time spent in this place.
 C = Inter-level travel time spent in this place.
 D = Time resting spent in this place.
 E = Time spent auto-exploring this place.
 F = Levels seen in this place.
 G = Mean time per level.
                   A        B        C        D        E       F      G
               +--------+--------+--------+--------+--------+-----+--------+
         Total |   2337 |   2249 |     88 |    525 |    905 |   3 |  779.0 |
       Dungeon |   2337 |   2249 |     88 |    525 |    905 |   3 |  779.0 |
               +--------+--------+--------+--------+--------+-----+--------+

Top non-repeatable levels by time:
     D:2: 1433 daAuts
     D:1: 588 daAuts
     D:3: 314 daAuts
